Map: Catalyst LE

Players

SamuraiFunn

  • Race: Protoss Protoss
  • Spawn Location: 5:00

A.I. 1 (Elite) - Winner!

  • Race: Terran Terran
  • Spawn Location: 11:00

VOD

Have the link to the VOD?

Description

Time

  • Played on: Nov. 24, 2017, 9:59 p.m.
  • Length: 9:48
Show
View Real Time Build Order
Export as new Build Order

SamuraiFunn Protoss 

Build Orders: 1 Gate Expand, Double Forge 

Get SALT Encoding   

  12  0:01  Probe  
  13  0:13  Probe  
  14  0:21  Pylon  
  14  0:25  Probe  
  15  0:39  Probe  
  15  0:42  Gateway  
  16  0:51  Probe  
  17  0:58  Assimilator  
  17  1:03  Probe  
  18  1:22  Nexus  
  18  1:26  Probe  
  19  1:35  Cybernetics Core  
  19  1:40  Probe  
  19  1:46  Pylon  
  20  1:52  Probe  
  21  1:56  Assimilator  
  21  2:04  Probe  
  22  2:12  Adept  
  24  2:16  Probe  
  25  2:24  Pylon  
  25  2:28  Probe  
  26  2:34  Probe  
  27  2:40  Assimilator, Adept  
  29  2:53  Warp Gate (Chrono Boost)  
  29  3:05  Gateway  
  29  3:08  Gateway  
  29  3:12  Gateway  
  31  3:20  Probe x2  
  31  3:26  Pylon  
  31  3:32  Probe x2  
  33  3:38  Pylon  
  33  3:44  Probe x2  
  35  4:02  Probe x2  
  37  4:06  Robotics Facility  
  37  4:11  Assimilator  
  37  4:14  Probe x2  
  39  4:23  Twilight Council  
  39  4:35  Forge  
  39  4:36  Probe x2  
  39  4:37  Forge  
  41  4:45  Stalker x3  
  45  4:48  Probe x2  
  49  4:54  Observer  
  50  5:03  Stalker  
  50  5:04  Probe x2  
  54  5:09  Protoss Ground Weapons Level 1 (Chrono Boost)  
  54  5:10  Protoss Ground Armor Level 1 (Chrono Boost)  
  54  5:16  Observer  
  55  5:21  Sentry x2  
  55  5:22  Sentry  
  61  5:37  Observer  
  61  5:42  Pylon  
  62  5:52  Gateway x2  
  62  5:54  Gateway  
  62  5:55  Probe  
  62  5:56  Probe  
  64  6:00  Stalker x2  
  64  6:01  Stalker  
  70  6:08  Probe x2  
  72  6:25  Nexus  
  72  6:30  Probe x2  
  74  6:42  Probe x2  
  76  6:49  Stalker  
  78  6:55  Observer, Pylon  
  78  6:56  Pylon  
  78  7:00  Pylon  
  78  7:07  Pylon x2  
  78  7:09  Pylon  
  78  7:13  Probe x2  
  80  7:31  Stalker x3  
  80  7:32  Stalker  
  80  7:35  Blink (Chrono Boost)  
  88  7:37  Protoss Shields Level 1  
  88  7:47  Probe x3  
  91  7:59  Probe, Stalker x4  
  100  8:10  Pylon  
  100  8:15  Probe x3  
  103  8:27  Probe  
  63  9:27  Stalker x5  
  63  9:28  Stalker x2  
  75  9:43  Gateway  
  75  9:45  Gateway  
  71  9:46  Gateway  
Show
View Real Time Build Order
Export as new Build Order

A.I. 1 (Elite) Terran - Winner!

Build Orders: MMM Bio 

Get SALT Encoding   

  12  0:00  SCV  
  13  0:13  SCV  
  14  0:19  Supply Depot  
  14  0:25  SCV  
  15  0:30  Refinery  
  15  0:40  SCV  
  16  0:47  Barracks  
  16  0:53  SCV  
  17  1:05  SCV  
  17  1:07  Supply Depot  
  18  1:17  SCV  
  19  1:29  SCV  
  20  1:34  Marine  
  20  1:35  Factory  
  21  1:44  Barracks  
  21  1:46  SCV  
  22  1:52  Marine  
  23  1:58  SCV  
  24  2:03  Supply Depot  
  24  2:10  Marine  
  24  2:11  SCV  
  26  2:19  Factory Tech Lab  
  26  2:23  SCV  
  26  2:28  Marine  
  28  2:35  SCV  
  28  2:36  Marine  
  30  2:40  Siege Tank  
  33  2:47  SCV  
  34  3:05  SCV  
  34  3:06  Command Center  
  35  3:19  Orbital Command  
  35  3:20  Refinery  
  35  3:38  Marine  
  35  3:39  Factory  
  36  3:41  Marine  
  36  3:44  SCV  
  38  3:56  SCV  
  38  3:57  Supply Depot  
  39  4:17  SCV x2  
  39  4:23  Factory Tech Lab  
  41  4:25  Siege Tank  
  41  4:29  SCV x2  
  46  4:41  SCV x2, Siege Tank  
  46  4:42  Marine  
  46  4:43  Supply Depot  
  52  4:53  Supply Depot  
  52  4:54  SCV x2  
  54  5:00  Siege Tank  
  54  5:04  Barracks Tech Lab  
  54  5:06  SCV x2  
  59  5:08  Marine  
  60  5:15  Refinery  
  60  5:18  SCV  
  60  5:20  SCV, Refinery  
  62  5:23  Stimpack  
  62  5:25  Marine  
  62  5:26  Marauder  
  65  5:30  SCV  
  65  5:32  SCV  
  65  5:35  Barracks  
  67  5:37  Supply Depot  
  67  5:42  SCV  
  68  5:45  Marine  
  68  5:46  SCV, Starport  
  68  5:47  Marauder  
  71  5:54  SCV  
  72  5:58  SCV  
  72  6:02  Supply Depot  
  72  6:03  Barracks Tech Lab  
  73  6:06  SCV  
  73  6:08  Marine  
  73  6:10  SCV  
  76  6:18  SCV  
  76  6:20  Combat Shields, Engineering Bay  
  76  6:21  Marauder  
  76  6:22  Medivac, Barracks Reactor  
  76  6:23  SCV  
  82  6:27  Marauder  
  82  6:28  Supply Depot  
  82  6:30  SCV  
  82  6:32  Command Center  
  85  6:43  Marauder  
  87  6:48  Terran Infantry Weapons Level 1, Marauder  
  87  6:53  Supply Depot  
  89  7:01  Engineering Bay, Marine  
  89  7:03  Marine  
  89  7:04  Marauder  
  89  7:05  Medivac  
  95  7:09  Marauder  
  95  7:13  Orbital Command  
  97  7:18  Supply Depot  
  97  7:19  Marine  
  97  7:21  Marine, Missile Turret  
  99  7:24  Concussive Shells  
  99  7:25  Marauder  
  99  7:26  Missile Turret  
  99  7:27  Terran Infantry Armor Level 1  
  101  7:31  Marauder  
  101  7:35  Barracks  
  103  7:37  Starport Reactor  
  103  7:39  Marine  
  103  7:44  Marine  
  104  7:45  SCV  
  104  7:46  Supply Depot  
  104  7:47  SCV, Marauder  
  104  7:50  SCV  
  110  7:55  Marauder  
  110  7:57  SCV  
  113  7:59  SCV  
  113  8:02  SCV  
  115  8:09  SCV, Missile Turret  
  115  8:11  SCV  
  117  8:13  Medivac  
  117  8:14  SCV  
  117  8:15  Missile Turret  
  117  8:18  Medivac  
  122  8:20  Marine  
  122  8:21  SCV, Marine  
  122  8:22  Marine  
  127  8:27  SCV, Supply Depot, Orbital Command  
  127  8:29  Marine  
  127  8:30  Marine  
  127  8:33  SCV  
  130  8:38  Marine  
  130  8:39  SCV  
  132  8:43  Viking  
  132  8:46  SCV  
  132  8:48  Viking  
  135  8:50  Supply Depot  
  135  8:51  SCV  
  138  9:01  Missile Turret  
  138  9:04  Fusion Core  
  138  9:12  Marauder  
  138  9:13  Marauder  
  138  9:15  Supply Depot  
  129  9:18  Marine  
  129  9:19  Marine  
  129  9:20  Marine  
  126  9:26  Armory  
  126  9:33  Missile Turret  
Tags
 
Add a new tag
Caveats
  • Supply blocks, unpowered buildings, or Contaminate may cause inaccurate times.
  • Supply counts are checked every 10 seconds.